[Event "FIDE Womens World Cup 2021"]
[Site "Sochi"]
[Date "2021.07.16"]
[Round "2.2"]
[White "Cramling, Pia"]
[Black "Socko, Monika"]
[Result "1/2-1/2"]
[ECO "E51"]
[WhiteElo "2459"]
[BlackElo "2393"]
[Annotator "ChessBase"]
[PlyCount "54"]
[EventDate "2021.07.12"]
[EventType "k.o."]
[EventCountry "RUS"]
[SourceTitle "playchess.com"]
[Source "ChessBase"]
[SourceQuality "1"]
[TimeControl "40/5400+30:1800+30"]

1. d4 Nf6 2. c4 e6 3. Nc3 Bb4 4. e3 O-O 5. Nf3 d5 6. Bd2 Re8 7. Rc1 b6 8. cxd5 exd5 9. Ne5 Bb7 10. Bd3 Nbd7 11. f4 Bxc3 12. Bxc3 Nxe5 13. fxe5 Ne4 14. O-O Re6 15. Rf4 Qe7 16. Qg4 Rg6 17. Qe2 Rf8 18. Rcf1 c5 19. Be1 Rh6 20. Qc2 Qe6 21. Qa4 a5 22. Qd1 Bc6 23. Bc3 Rg6 24. Qe2 Rh6 25. Qd1 Rg6 26. Qe2 Rh6 27. Qd1 Rg6 1/2-1/2

[Event "FIDE Womens World Cup 2021"]
[Site "Sochi"]
[Date "2021.07.16"]
[Round "2.2"]
[White "Girya, Olga"]
[Black "Garifullina, Leya"]
[Result "0-1"]
[ECO "E39"]
[WhiteElo "2448"]
[BlackElo "2390"]
[Annotator "NA"]
[PlyCount "114"]
[EventDate "2021.07.12"]
[EventType "k.o."]
[EventCountry "RUS"]
[SourceTitle "playchess.com"]
[Source "ChessBase"]
[SourceQuality "1"]
[TimeControl "40/5400+30:1800+30"]

1. d4 Nf6 2. c4 e6 3. Nc3 Bb4 4. Qc2 c5 5. dxc5 O-O 6. a3 Bxc5 7. Nf3 Nc6 8. e3 a5 9. Be2 d5 10. O-O d4 11. exd4 Bxd4 12. Nb5 Bc5 13. Bf4 Qe7 14. Bd3 h6 15. Rfe1 Nh5 16. Bd2 b6 17. Bc3 Bb7 18. Rad1 Rad8 19. Qc1 Rd7 20. Be2 Rxd1 21. Rxd1 e5 22. Bf1 Qf6 23. b4 axb4 24. axb4 Nxb4 25. Bxe5 Qg6 26. Qc3 Re8 27. Bd6 Rd8 28. Ne5 Qg5 29. Re1 Rxd6 30. Nxd6 Bxd6 31. Nf3 Bxf3 32. Qxf3 Nf6 33. Rd1 Bc5 34. h3 Qe5 35. Rd8+ Kh7 36. Bd3+ Nxd3 37. Qxd3+ Qe4 38. Qf1 Qf5 39. Rd3 Bxf2+ 40. Kh1 Ne4 41. g4 Qg6 42. Kg2 f5 43. Qe2 h5 44. Rd5 Bh4 45. Qf3 fxg4 46. Qf5 Nf6 47. Rb5 Qxf5 48. Rxf5 Kg6 49. hxg4 Nxg4 50. Rf3 Bf2 51. Kh3 Bc5 52. Kh4 Kh6 53. Rf1 g5+ 54. Kg3 Kg6 55. Ra1 Ne3 56. Rc1 Kf5 57. Kf3 h4 0-1

[Event "FIDE Womens World Cup 2021"]
[Site "Sochi"]
[Date "2021.07.16"]
[Round "2.2"]
[White "Atalik, Ekaterina"]
[Black "Guichard, Pauline"]
[Result "1/2-1/2"]
[ECO "E20"]
[WhiteElo "2433"]
[BlackElo "2413"]
[Annotator "NA"]
[PlyCount "174"]
[EventDate "2021.07.12"]
[EventType "k.o."]
[EventCountry "RUS"]
[SourceTitle "playchess.com"]
[Source "ChessBase"]
[SourceQuality "1"]
[TimeControl "40/5400+30:1800+30"]

1. d4 Nf6 2. c4 e6 3. Nc3 Bb4 4. f3 c5 5. a3 Bxc3+ 6. bxc3 Nc6 7. d5 Ne5 8. e4 Qa5 9. Bd2 b5 10. cxb5 c4 11. dxe6 dxe6 12. a4 O-O 13. Nh3 a6 14. bxa6 Bxa6 15. Be2 Bb5 16. O-O Bxa4 17. Qc1 Rfd8 18. Nf2 Qb5 19. Be3 Bb3 20. Ra3 Nc6 21. Qa1 Qb7 22. f4 Ne7 23. Bf3 Bc2 24. Ra7 Rxa7 25. Qxa7 Qxa7 26. Bxa7 Nc6 27. Be3 e5 28. Ra1 exf4 29. Bxf4 Nd7 30. Ng4 f6 31. Ne3 Bd3 32. Ra6 Nce5 33. Ra5 Ng6 34. Bg3 Nde5 35. Nd5 Rb8 36. Ra7 Nxf3+ 37. gxf3 Rb1+ 38. Kf2 h5 39. Bd6 Rb2+ 40. Ke3 Nh4 41. Nf4 Ng2+ 42. Nxg2 Rxg2 43. Ra5 Re2+ 44. Kd4 Rf2 45. Ra8+ Kh7 46. Ra7 Kg8 47. e5 fxe5+ 48. Bxe5 Rxf3 49. Rxg7+ Kf8 50. Rc7 Rf7 51. Rc8+ Ke7 52. Kd5 Be2 53. Rh8 Kd7 54. Rh6 Ke7 55. Bd4 Rf5+ 56. Be5 Rf7 57. Kc6 Bf3+ 58. Kc7 Rf5 59. Bd6+ Kf7 60. Rh8 Ke6 61. Re8+ Kd5 62. Re7 h4 63. Bb4 Rh5 64. Rd7+ Ke6 65. Rd6+ Ke5 66. Rd7 Be4 67. Bd6+ Ke6 68. Bf8 Rh7 69. Bg7 Kf5 70. Kd8 Kg6 71. Rd4 Kf5 72. Bf8 Bd3 73. Bd6 Ke6 74. Bf4 Kf5 75. Be3 Ke6 76. h3 Kf5 77. Ke8 Kf6 78. Rf4+ Bf5 79. Bd4+ Kg5 80. Rf3 Bg6+ 81. Kf8 Bf5 82. Bg7 Kg6 83. Rf1 Bxh3 84. Rg1+ Kf5 85. Kg8 Rh5 86. Kf7 Rg5 87. Rh1 Ke4 1/2-1/2

[Event "FIDE Womens World Cup 2021"]
[Site "Sochi"]
[Date "2021.07.16"]
[Round "2.2"]
[White "Munguntuul, Batkhuyag"]
[Black "Osmak, Iulija"]
[Result "1-0"]
[ECO "B85"]
[WhiteElo "2428"]
[BlackElo "2418"]
[Annotator "NA"]
[PlyCount "181"]
[EventDate "2021.07.12"]
[EventType "k.o."]
[EventCountry "RUS"]
[SourceTitle "playchess.com"]
[Source "ChessBase"]
[SourceQuality "1"]
[TimeControl "40/5400+30:1800+30"]

1. e4 c5 2. Nf3 d6 3. d4 cxd4 4. Nxd4 Nf6 5. Nc3 a6 6. Be2 e6 7. O-O Nbd7 8. a4 b6 9. f4 Bb7 10. Bf3 Qc7 11. Kh1 Rc8 12. Qe2 Qc4 13. Qxc4 Rxc4 14. Be3 e5 15. Nb3 Be7 16. Nd2 Rc8 17. Rac1 exf4 18. Bxf4 Ne5 19. Be2 O-O 20. Rfe1 Rfe8 21. h3 h6 22. Be3 Nfd7 23. Kh2 Bg5 24. Bxg5 hxg5 25. Nf3 f6 26. Rcd1 Nf7 27. Nd4 Nc5 28. Bg4 Rcd8 29. Bf5 a5 30. Ndb5 Re7 31. b3 Kf8 32. Rd4 Ne6 33. Bxe6 Rxe6 34. Nc7 Re5 35. N3d5 Rc8 36. c4 Bxd5 37. Nxd5 Rb8 38. Red1 Rb7 39. Rb1 Nd8 40. Nc3 Ke7 41. Rbd1 Re6 42. Rd5 Kd7 43. Kg1 Rb8 44. e5 fxe5 45. Ne4 Nb7 46. Nxg5 Re7 47. Ne4 Re6 48. Ng5 Rg6 49. Rxe5 Rh8 50. Kh2 Nc5 51. Red5 Rf8 52. Nf3 Kc7 53. Rb1 Re8 54. Rb2 Re3 55. Nd4 Kd7 56. Nf3 Kc8 57. Nd4 Kd7 58. Nf3 Rf6 59. Rg5 Rf7 60. Rd5 Rf6 61. Rg5 g6 62. h4 Nxb3 63. Rb5 Nc5 64. Rxb6 Nxa4 65. Rb7+ Ke6 66. R2b5 Nc5 67. Ng5+ Kf5 68. Rxa5 Rc3 69. Rb4 Kg4 70. Nf3 Rc2 71. Ra3 Rf4 72. Rb8 Ne4 73. Rg8 Rf6 74. Ng5 Nd2 75. Rg3+ Kf4 76. Nh3+ Ke5 77. R3xg6 Rf7 78. Re8+ Kf5 79. Rxd6 Rg7 80. Rd5+ Kf6 81. Rf8+ Ke7 82. Rf2 Nf1+ 83. Kg1 Ne3 84. Re5+ Kd6 85. Rxe3 Rxc4 86. h5 Rh4 87. Rf6+ Kd5 88. h6 Rh7 89. Ng5 R7xh6 90. Rxh6 Rxh6 91. Kf2 1-0

[Event "FIDE Womens World Cup 2021"]
[Site "Sochi"]
[Date "2021.07.16"]
[Round "2.2"]
[White "Badelka, Olga"]
[Black "Matnadze, Ana"]
[Result "1/2-1/2"]
[ECO "D35"]
[WhiteElo "2418"]
[BlackElo "2421"]
[Annotator "NA"]
[PlyCount "115"]
[EventDate "2021.07.12"]
[EventType "k.o."]
[EventCountry "RUS"]
[SourceTitle "playchess.com"]
[Source "ChessBase"]
[SourceQuality "1"]
[TimeControl "40/5400+30:1800+30"]

1. d4 Nf6 2. c4 e6 3. Nc3 d5 4. cxd5 exd5 5. Bg5 c6 6. e3 Nbd7 7. Bd3 Be7 8. Qc2 Nf8 9. Nge2 Ne6 10. Bh4 g6 11. f3 O-O 12. O-O Re8 13. Rad1 Nh5 14. Bxe7 Qxe7 15. e4 Nhf4 16. Nxf4 Nxf4 17. Qc1 Nxd3 18. Rxd3 Be6 19. Rf2 Rad8 20. Qe3 dxe4 21. fxe4 f5 22. e5 Bc4 23. Rdd2 b5 24. b3 Be6 25. h3 Rf8 26. Rc2 a5 27. Ne2 Bd5 28. Rc5 Rd7 29. Nc3 Rfd8 30. Rd2 Qh4 31. e6 Re7 32. Nxd5 cxd5 33. Qe5 Rde8 34. Re2 f4 35. Rc3 Rf8 36. Rf3 Rf5 37. Qb8+ Kg7 38. Qxb5 Qf6 39. Qxa5 Qxd4+ 40. Kh2 Qf6 41. Qd8 g5 42. Rc3 Kh6 43. Rf3 Kg7 44. Rc2 Qxe6 45. Rc8 Rf6 46. b4 Rd7 47. Qh8+ Kh6 48. b5 d4 49. Rc6 Rd6 50. Rc7 Rf7 51. Rxf7 Qxf7 52. Qb8 Qf6 53. Rd3 Qe5 54. Qf8+ Kg6 55. Qg8+ Kh6 56. Qf8+ Kg6 57. Qg8+ Kh6 58. Qf8+ 1/2-1/2

[Event "FIDE Womens World Cup 2021"]
[Site "Sochi"]
[Date "2021.07.16"]
[Round "2.2"]
[White "Cyfka, Karina"]
[Black "Ushenina, Anna"]
[Result "1/2-1/2"]
[ECO "D41"]
[WhiteElo "2417"]
[BlackElo "2429"]
[Annotator "NA"]
[PlyCount "83"]
[EventDate "2021.07.12"]
[EventType "k.o."]
[EventCountry "RUS"]
[SourceTitle "playchess.com"]
[Source "ChessBase"]
[SourceQuality "1"]
[TimeControl "40/5400+30:1800+30"]

1. d4 Nf6 2. c4 e6 3. Nf3 d5 4. Nc3 c5 5. cxd5 Nxd5 6. e4 Nxc3 7. bxc3 cxd4 8. cxd4 Bb4+ 9. Bd2 Bxd2+ 10. Qxd2 O-O 11. Bc4 b6 12. O-O Bb7 13. Rfe1 Qd6 14. Rad1 Nd7 15. Bb3 Rac8 16. h3 Rfd8 17. Qg5 h6 18. Qh4 b5 19. Bc2 Re8 20. Bb1 Rc3 21. Nh2 Qe7 22. Qh5 Qg5 23. Qe2 a6 24. Bd3 Nf6 25. Nf3 Qf4 26. Ne5 Rd8 27. g3 Qg5 28. h4 Qh5 29. Qd2 Rxd3 30. Qxd3 Nxe4 31. Qa3 Qf5 32. Qe3 Bd5 33. Qf4 Qxf4 34. gxf4 Nc3 35. Rc1 b4 36. a3 a5 37. axb4 axb4 38. Nd3 Bc4 39. Nxb4 Ne2+ 40. Rxe2 Bxe2 41. Nc6 Rd6 42. Rc5 1/2-1/2

[Event "FIDE Womens World Cup 2021"]
[Site "Sochi"]
[Date "2021.07.16"]
[Round "2.2"]
[White "Buksa, Nataliya"]
[Black "Yip, Carissa"]
[Result "1-0"]
[ECO "B56"]
[WhiteElo "2413"]
[BlackElo "2430"]
[Annotator "NA"]
[PlyCount "48"]
[EventDate "2021.07.12"]
[EventType "k.o."]
[EventCountry "RUS"]
[SourceTitle "playchess.com"]
[Source "ChessBase"]
[SourceQuality "1"]
[TimeControl "40/5400+30:1800+30"]

1. e4 c5 2. Nf3 d6 3. d4 cxd4 4. Nxd4 Nf6 5. Nc3 Nc6 6. f3 e5 7. Nb3 Be7 8. Be3 Be6 9. Nd5 Rc8 10. c4 Bxd5 11. cxd5 Na5 12. Nd2 Qc7 13. Kf2 b6 14. Qa4+ Kf8 15. b4 Nb7 16. Qxa7 Nxd5 17. exd5 f5 18. Ba6 f4 19. Bxb6 Qc3 20. Ke2 e4 21. fxe4 Bg5 22. Rhd1 f3+ 23. Nxf3 Qb2+ 24. Kf1 Qb1 1-0

[Event "FIDE Womens World Cup 2021"]
[Site "Sochi"]
[Date "2021.07.16"]
[Round "2.2"]
[White "Bulmaga, Irina"]
[Black "Danielian, Elina"]
[Result "0-1"]
[ECO "C18"]
[WhiteElo "2413"]
[BlackElo "2407"]
[Annotator "NA"]
[PlyCount "112"]
[EventDate "2021.07.12"]
[EventType "k.o."]
[EventCountry "RUS"]
[SourceTitle "playchess.com"]
[Source "ChessBase"]
[SourceQuality "1"]
[TimeControl "40/5400+30:1800+30"]

1. e4 e6 2. d4 d5 3. Nc3 Bb4 4. e5 c5 5. a3 Bxc3+ 6. bxc3 Qa5 7. Bd2 Qa4 8. Qg4 Kf8 9. Qd1 b6 10. dxc5 bxc5 11. c4 Ne7 12. Nf3 Nbc6 13. c3 Qxd1+ 14. Rxd1 Ba6 15. cxd5 Bxf1 16. Rxf1 Nxd5 17. Rb1 c4 18. Ke2 h6 19. Rb5 Rc8 20. Rc5 Nb6 21. Rb1 g5 22. h4 g4 23. Nh2 Nd7 24. Rxc4 Ndxe5 25. Ra4 h5 26. Rb7 Kg7 27. Bg5 Rb8 28. Rxb8 Rxb8 29. Nf1 Rb2+ 30. Bd2 f5 31. Ne3 Kf6 32. Kd1 Nd3 33. Nc4 Ra2 34. Ra6 Nce5 35. Bg5+ Kf7 36. Rxa7+ Kg6 37. Nxe5+ Nxe5 38. Re7 Nd3 39. Rxe6+ Kg7 40. Be3 Nxf2+ 41. Bxf2 Rxf2 42. Re2 Rf1+ 43. Kc2 f4 44. Kd3 f3 45. gxf3 Rxf3+ 46. Kd4 Rh3 47. c4 Rxh4 48. c5 g3+ 49. Kd5 Rg4 50. Rg2 h4 51. c6 Rg5+ 52. Kd6 h3 53. Rc2 h2 54. c7 h1=Q 55. c8=Q Qd1+ 56. Ke6 Qd5+ 0-1

[Event "FIDE Womens World Cup 2021"]
[Site "Sochi"]
[Date "2021.07.16"]
[Round "2.2"]
[White "Hoang, Thanh Trang"]
[Black "Galliamova, Alisa"]
[Result "1/2-1/2"]
[ECO "D04"]
[WhiteElo "2404"]
[BlackElo "2442"]
[Annotator "NA"]
[PlyCount "96"]
[EventDate "2021.07.12"]
[EventType "k.o."]
[EventCountry "RUS"]
[SourceTitle "playchess.com"]
[Source "ChessBase"]
[SourceQuality "1"]
[TimeControl "40/5400+30:1800+30"]

1. d4 d5 2. Nf3 Nf6 3. e3 Bf5 4. Bd3 Bxd3 5. Qxd3 Nbd7 6. O-O e6 7. Nbd2 Be7 8. e4 dxe4 9. Nxe4 c5 10. Rd1 O-O 11. Nxf6+ Nxf6 12. Be3 Qc7 13. dxc5 Bxc5 14. Bxc5 Qxc5 15. Rd2 Qb6 16. Qd4 Qxd4 17. Rxd4 Rfd8 18. Rad1 Rxd4 19. Rxd4 Rc8 20. Kf1 Kf8 21. c4 Ke7 22. Ne5 Rc5 23. f4 Ra5 24. a3 Ke8 25. Ke2 Ng8 26. Rd3 Rc5 27. b4 Rc7 28. c5 Ne7 29. Nc4 Nd5 30. g3 Ke7 31. Nd6 a6 32. Nc4 Rc6 33. f5 b6 34. fxe6 Kxe6 35. cxb6 Nxb6 36. Nxb6 Rxb6 37. Kd2 f5 38. Re3+ Kf6 39. Rc3 g5 40. Rc5 Rd6+ 41. Ke3 Re6+ 42. Kf3 g4+ 43. Kf2 Kg5 44. Rc7 h5 45. Rg7+ Kf6 46. Rh7 Kg5 47. Rg7+ Kf6 48. Rh7 Ke5 1/2-1/2

[Event "FIDE Womens World Cup 2021"]
[Site "Sochi"]
[Date "2021.07.16"]
[Round "2.2"]
[White "Zawadzka, Jolanta"]
[Black "Bodnaruk, Anastasia"]
[Result "1-0"]
[ECO "B06"]
[WhiteElo "2403"]
[BlackElo "2446"]
[Annotator "NA"]
[PlyCount "95"]
[EventDate "2021.07.12"]
[EventType "k.o."]
[EventCountry "RUS"]
[SourceTitle "playchess.com"]
[Source "ChessBase"]
[SourceQuality "1"]
[TimeControl "40/5400+30:1800+30"]

1. e4 d6 2. d4 g6 3. Nc3 Bg7 4. f4 a6 5. Nf3 b5 6. Bd3 c5 7. dxc5 dxc5 8. e5 f5 9. a4 b4 10. Nb1 Nh6 11. O-O Be6 12. Qe2 Nc6 13. Nbd2 Ng4 14. c3 Na5 15. h3 Nh6 16. Bxa6 O-O 17. Ng5 Bd5 18. Bb5 Kh8 19. Rd1 Nf7 20. Ndf3 Nxg5 21. Nxg5 h6 22. Ne6 Bxe6 23. Rxd8 Rfxd8 24. Be3 Rd5 25. Rd1 Rc8 26. Rxd5 Bxd5 27. Qd2 e6 28. cxb4 cxb4 29. Qxb4 Nb3 30. Qe7 Rc2 31. Bf1 Rxb2 32. a5 Rb1 33. a6 Ra1 34. a7 Kh7 35. Qc7 Na5 36. Bc5 Nc6 37. Kf2 Ra2+ 38. Ke3 g5 39. g3 Ra5 40. Bb5 gxf4+ 41. gxf4 Rxb5 42. a8=Q Rxc5 43. Qf8 Rc3+ 44. Kd2 Rg3 45. Qcf7 Rg2+ 46. Ke1 Rg1+ 47. Kf2 Rg2+ 48. Kf1 1-0

[Event "FIDE Womens World Cup 2021"]
[Site "Sochi"]
[Date "2021.07.16"]
[Round "2.2"]
[White "Salimova, Nurgyul"]
[Black "Paehtz, Elisabeth"]
[Result "1/2-1/2"]
[ECO "A13"]
[WhiteElo "2395"]
[BlackElo "2466"]
[Annotator "ChessBase"]
[PlyCount "82"]
[EventDate "2021.07.12"]
[EventType "k.o."]
[EventCountry "RUS"]
[SourceTitle "playchess.com"]
[Source "ChessBase"]
[SourceQuality "1"]
[TimeControl "40/5400+30:1800+30"]

1. Nf3 Nf6 2. c4 e6 3. g3 d5 4. Bg2 dxc4 5. Qa4+ Nbd7 6. Qxc4 c5 7. Qc2 b6 8. O-O Bb7 9. d3 Be7 10. Nc3 O-O 11. Rd1 Rc8 12. e4 Qc7 13. Bf4 e5 14. Bg5 h6 15. Bc1 Rfe8 16. Bh3 Rcd8 17. b3 a6 18. Bb2 Nb8 19. Ne2 Nc6 20. a3 Bf8 21. Rac1 a5 22. Qc4 Qb8 23. Bf5 Re7 24. Qb5 Ba8 25. Nc3 Na7 26. Qa6 Nc8 27. Bxc8 Rxc8 28. Qc4 Rd8 29. Nb5 Re6 30. a4 Ne8 31. Qc2 Nd6 32. Na3 f6 33. Nd2 Qb7 34. Nf1 Nf5 35. f3 Nd4 36. Bxd4 cxd4 37. Nb5 Rc6 38. Qxc6 Qxc6 39. Rxc6 Bxc6 40. Rc1 Bc5 41. g4 Bd7 1/2-1/2

[Event "FIDE Womens World Cup 2021"]
[Site "Sochi"]
[Date "2021.07.16"]
[Round "2.2"]
[White "Vaishali R"]
[Black "Khotenashvili, Bela"]
[Result "0-1"]
[ECO "B12"]
[WhiteElo "2393"]
[BlackElo "2471"]
[Annotator "ChessBase"]
[PlyCount "110"]
[EventDate "2021.07.12"]
[EventType "k.o."]
[EventCountry "RUS"]
[SourceTitle "playchess.com"]
[Source "ChessBase"]
[SourceQuality "1"]
[TimeControl "40/5400+30:1800+30"]

1. e4 c6 2. d4 d5 3. e5 Bf5 4. Nd2 e6 5. Nb3 Ne7 6. Nf3 h6 7. Be2 Bh7 8. O-O Nf5 9. Bd2 Be7 10. a4 a5 11. g4 Nh4 12. Nxh4 Bxh4 13. f4 Nd7 14. Bf3 O-O 15. Be3 f5 16. h3 fxg4 17. Bxg4 Bf5 18. Kh2 Be7 19. Rg1 Qe8 20. Rg2 Kh7 21. Qe1 b6 22. Qg3 g6 23. h4 Bxg4 24. Qxg4 Qf7 25. Rag1 Rg8 26. Nd2 Qf5 27. Nf3 Qxg4 28. Rxg4 b5 29. b3 bxa4 30. bxa4 Nb6 31. Rb1 Rgb8 32. Rbg1 Rg8 33. Bd2 Nc4 34. Bc3 Rab8 35. Nd2 Ne3 36. R4g3 Nf5 37. Rh3 c5 38. Nb3 cxd4 39. Nxd4 Bc5 40. Nxe6 Bxg1+ 41. Kxg1 Rb1+ 42. Kf2 Rc1 43. Ke2 Rxc2+ 44. Kd1 Ra2 45. Bd2 Ra1+ 46. Ke2 Rxa4 47. Rb3 Re8 48. Rb7+ Re7 49. Nf8+ Kg7 50. Rb8 Nd4+ 51. Kd3 Rf7 52. f5 Rxf8 53. Rb7+ Kg8 54. f6 Nc6 55. Bc3 d4 0-1

[Event "FIDE Womens World Cup 2021"]
[Site "Sochi"]
[Date "2021.07.16"]
[Round "2.2"]
[White "Cori T., Deysi"]
[Black "Kosteniuk, Alexandra"]
[Result "0-1"]
[ECO "A05"]
[WhiteElo "2388"]
[BlackElo "2472"]
[Annotator "ChessBase"]
[PlyCount "96"]
[EventDate "2021.07.12"]
[EventType "k.o."]
[EventCountry "RUS"]
[SourceTitle "playchess.com"]
[Source "ChessBase"]
[SourceQuality "1"]
[TimeControl "40/5400+30:1800+30"]

1. Nf3 Nf6 2. g3 c5 3. Bg2 Nc6 4. O-O e5 5. d3 d5 6. c4 Be7 7. Bg5 dxc4 8. dxc4 Qxd1 9. Rxd1 Be6 10. Nc3 Bxc4 11. Bxf6 gxf6 12. e3 Be6 13. Nd5 Rc8 14. Nd2 b6 15. Ne4 f5 16. Nec3 O-O 17. Bf1 Bd8 18. Nb5 Kg7 19. a3 Bg5 20. Nbc7 f4 21. Ba6 fxe3 22. h4 exf2+ 23. Kxf2 Bh6 24. Bxc8 Bxc8 25. Nf6 Kxf6 26. Rd6+ Kg7 27. Rxc6 Rd8 28. Re1 Rd2+ 29. Re2 Rxe2+ 30. Kxe2 Bg4+ 31. Kf2 Bc1 32. Ne8+ Kf8 33. Nf6 Be6 34. Nxh7+ Ke7 35. Rc7+ Kd6 36. Rxa7 e4 37. Nf6 Ke5 38. Nd7+ Kd4 39. Nxb6 Kd3 40. Ra8 e3+ 41. Kf3 Bxb2 42. Rd8+ Bd4 43. Na4 Kc2 44. h5 Bc4 45. h6 e2 46. Re8 Kd2 47. h7 Bd5+ 48. Kf4 Be6 0-1

[Event "FIDE Womens World Cup 2021"]
[Site "Sochi"]
[Date "2021.07.16"]
[Round "2.2"]
[White "Maltsevskaya, Aleksandra"]
[Black "Stefanova, Antoaneta"]
[Result "0-1"]
[ECO "C54"]
[WhiteElo "2382"]
[BlackElo "2463"]
[Annotator "ChessBase"]
[PlyCount "54"]
[EventDate "2021.07.12"]
[EventType "k.o."]
[EventCountry "RUS"]
[SourceTitle "playchess.com"]
[Source "ChessBase"]
[SourceQuality "1"]
[TimeControl "40/5400+30:1800+30"]

1. e4 e5 2. Nf3 Nc6 3. d4 exd4 4. Bc4 Bc5 5. c3 Nf6 6. e5 d5 7. Bb5 Ne4 8. Nxd4 O-O 9. Bxc6 bxc6 10. Nd2 Qg5 11. O-O Qxe5 12. Nxc6 Nxf2 13. Rxf2 Bxf2+ 14. Kxf2 Qf6+ 15. Qf3 Qxc6 16. Nb3 a5 17. Nd4 Qd6 18. Kg1 c5 19. Ne2 Ba6 20. Ng3 Rfe8 21. Bg5 Qe5 22. h4 d4 23. cxd4 Qxd4+ 24. Kh2 Qxb2 25. Rc1 Bb7 26. Qf1 Qxa2 27. Rxc5 Re1 0-1

[Event "FIDE Womens World Cup 2021"]
[Site "Sochi"]
[Date "2021.07.16"]
[Round "2.2"]
[White "Padmini, Rout"]
[Black "Khademalsharieh, Sarasadat"]
[Result "1/2-1/2"]
[ECO "C55"]
[WhiteElo "2370"]
[BlackElo "2494"]
[Annotator "ChessBase"]
[PlyCount "118"]
[EventDate "2021.07.12"]
[EventType "k.o."]
[EventCountry "RUS"]
[SourceTitle "playchess.com"]
[Source "ChessBase"]
[SourceQuality "1"]
[TimeControl "40/5400+30:1800+30"]

1. e4 e5 2. Nf3 Nc6 3. Bc4 Nf6 4. d4 exd4 5. e5 d5 6. Bb5 Ne4 7. Nxd4 Bd7 8. Bxc6 bxc6 9. O-O Bc5 10. f3 Ng5 11. f4 Ne4 12. Be3 Qb8 13. b3 O-O 14. Qd3 f6 15. Nd2 Nxd2 16. Qxd2 Qb6 17. c3 a5 18. a3 fxe5 19. fxe5 Bxd4 20. Bxd4 c5 21. Bf2 Qc6 22. Qe3 Rfe8 23. Rae1 c4 24. bxc4 Qxc4 25. Bg3 Be6 26. Rf4 Qc6 27. Bf2 Rab8 28. Qd3 Bf7 29. Bd4 Bg6 30. Qg3 Qe6 31. Bc5 Rb5 32. Qf2 h6 33. a4 Rb3 34. Bd4 Reb8 35. h3 Kh7 36. Qg3 Rb1 37. Rxb1 Rxb1+ 38. Kh2 Ra1 39. c4 Rxa4 40. cxd5 Qxd5 41. Bb2 Ra2 42. Rf2 Qb5 43. Bc3 Rxf2 44. Qxf2 a4 45. e6 Qc4 46. Qg3 Qxe6 47. Qxc7 Bf7 48. Qg3 Qg6 49. Qxg6+ Kxg6 50. Kg3 Bd5 51. Kf2 a3 52. g3 Kf7 53. h4 g6 54. Ke3 Ke6 55. Kd2 Kf5 56. Kc2 Ke4 57. Bb4 Kf3 58. Bd6 a2 59. Kb2 h5 1/2-1/2

[Event "FIDE Womens World Cup 2021"]
[Site "Sochi"]
[Date "2021.07.16"]
[Round "2.2"]
[White "Abrahamyan, Tatev"]
[Black "Muzychuk, Anna"]
[Result "0-1"]
[ECO "C54"]
[WhiteElo "2352"]
[BlackElo "2527"]
[Annotator "ChessBase"]
[PlyCount "124"]
[EventDate "2021.07.12"]
[EventType "k.o."]
[EventCountry "RUS"]
[SourceTitle "playchess.com"]
[Source "ChessBase"]
[SourceQuality "1"]
[TimeControl "40/5400+30:1800+30"]

1. e4 e5 2. Nf3 Nc6 3. Bc4 Bc5 4. c3 Nf6 5. d3 d6 6. Bg5 h6 7. Bh4 a6 8. O-O Qe7 9. Nbd2 Ba7 10. a4 g5 11. Bg3 Nh7 12. Re1 h5 13. h4 g4 14. Nh2 Nf8 15. Nhf1 Ng6 16. Ne3 Bxe3 17. fxe3 Nxh4 18. Rf1 Rh7 19. b4 Ng6 20. b5 Na5 21. bxa6 bxa6 22. Bd5 c6 23. Ba2 Qg5 24. Qe2 h4 25. Be1 g3 26. Nf3 Qh6 27. Rb1 Nb7 28. d4 Nd8 29. dxe5 dxe5 30. Rd1 Bg4 31. Rd6 h3 32. Bxg3 hxg2 33. Rfd1 Qh1+ 34. Kf2 Nh4 35. Bxh4 Qxh4+ 36. Nxh4 Bxe2 37. Kxe2 Rxh4 38. Kf3 Rb8 39. R6d2 Rh3+ 40. Kf2 Rh4 41. Bc4 a5 42. Kf3 Rh1 43. Kxg2 Rxd1 44. Rxd1 Rb2+ 45. Kf3 Rc2 46. Rd3 Ke7 47. Bb3 Rb2 48. Bc4 Nb7 49. Rd1 Nd6 50. Bd3 Rb3 51. Ke2 Rxc3 52. Kd2 Ra3 53. Rc1 Rxa4 54. Rxc6 Nxe4+ 55. Kc2 Nd6 56. Rc5 e4 57. Ba6 Ra3 58. Kb2 Rxe3 59. Rxa5 Ke6 60. Kc2 f5 61. Kd2 f4 62. Be2 Rg3 0-1

[Event "FIDE Womens World Cup 2021"]
[Site "Sochi"]
[Date "2021.07.16"]
[Round "2.2"]
[White "Yu, Jennifer"]
[Black "Saduakassova, Dinara"]
[Result "0-1"]
[ECO "C50"]
[WhiteElo "2289"]
[BlackElo "2483"]
[Annotator "ChessBase"]
[PlyCount "182"]
[EventDate "2021.07.12"]
[EventType "k.o."]
[EventCountry "RUS"]
[SourceTitle "playchess.com"]
[Source "ChessBase"]
[SourceQuality "1"]
[TimeControl "40/5400+30:1800+30"]

1. e4 e5 2. Bc4 Nf6 3. d3 Nc6 4. Nf3 Bc5 5. O-O d6 6. c3 a6 7. a4 Ba7 8. Re1 h6 9. Be3 Bxe3 10. Rxe3 O-O 11. Nbd2 Re8 12. b4 Nh5 13. d4 Nf4 14. Nf1 exd4 15. cxd4 Bg4 16. Ng3 d5 17. exd5 Ne7 18. h3 Bd7 19. Ne5 Nexd5 20. Nxf7 Qh4 21. Rxe8+ Rxe8 22. Ne5 Be6 23. Qf3 Rf8 24. Qe4 Qf6 25. Nd3 c6 26. Nxf4 Nxf4 27. Nh5 Qf7 28. Qxf4 Bxc4 29. Qxf7+ Bxf7 30. Ng3 Rd8 31. Rd1 Bb3 32. Rd3 Bxa4 33. Nh5 Bc2 34. Rc3 Bb1 35. Rb3 Bg6 36. Nf4 Bf7 37. Rd3 g5 38. Ne2 Bc4 39. Rd2 Bxe2 40. Rxe2 Rxd4 41. Rb2 Kf7 42. g3 Ke6 43. Kg2 Kf5 44. Kf3 h5 45. Ke3 Rc4 46. Kd3 b5 47. Ra2 Rxb4 48. Rxa6 c5 49. Rc6 Rd4+ 50. Ke3 Re4+ 51. Kd3 Re5 52. Rh6 c4+ 53. Kd4 Re2 54. f3 Rd2+ 55. Ke3 Rd3+ 56. Ke2 b4 57. Rc6 Rc3 58. Rc5+ Kf6 59. Kd2 Rxf3 60. Rxc4 Rxg3 61. Rxb4 Rxh3 62. Ke2 h4 63. Kf2 Rg3 64. Ra4 Kg6 65. Rb4 Kh5 66. Ra4 Rb3 67. Ra5 Rb4 68. Kf3 Rf4+ 69. Kg2 Kg4 70. Ra3 Rb4 71. Ra2 h3+ 72. Kh2 Kh4 73. Ra8 Rb2+ 74. Kg1 g4 75. Ra4 Re2 76. Rb4 Kg3 77. Rb3+ Kf4 78. Rb4+ Kf3 79. Rb3+ Re3 80. Rb1 Kg3 81. Kh1 Rf3 82. Rc1 Re3 83. Kg1 Kf4 84. Rf1+ Rf3 85. Ra1 g3 86. Ra4+ Ke3 87. Ra3+ Ke2 88. Ra2+ Kd1 89. Ra1+ Kc2 90. Ra2+ Kb1 91. Re2 Rc3 0-1

[Event "FIDE Womens World Cup 2021"]
[Site "Sochi"]
[Date "2021.07.16"]
[Round "2.2"]
[White "Munkhzul, Turmunkh"]
[Black "Shuvalova, Polina"]
[Result "0-1"]
[ECO "C88"]
[WhiteElo "2278"]
[BlackElo "2489"]
[Annotator "ChessBase"]
[PlyCount "178"]
[EventDate "2021.07.12"]
[EventType "k.o."]
[EventCountry "RUS"]
[SourceTitle "playchess.com"]
[Source "ChessBase"]
[SourceQuality "1"]
[TimeControl "40/5400+30:1800+30"]

1. e4 e5 2. Nf3 Nc6 3. Bb5 a6 4. Ba4 Nf6 5. O-O Be7 6. Re1 b5 7. Bb3 O-O 8. a4 b4 9. d4 d6 10. dxe5 Nxe5 11. Nxe5 dxe5 12. Qe2 Bc5 13. Be3 Qe7 14. a5 Rd8 15. Nd2 Bd4 16. Bxd4 Rxd4 17. c3 bxc3 18. bxc3 Rd8 19. Bc4 Qc5 20. Nb3 Qc6 21. f3 Rb8 22. Red1 Rxd1+ 23. Rxd1 Be6 24. Nd2 Rd8 25. Rb1 h6 26. Bxe6 Qxe6 27. Rb2 h5 28. h4 g6 29. Kh2 Rd6 30. Qe3 Kg7 31. Nf1 Rd1 32. Qe2 Ra1 33. Ne3 Rxa5 34. Qf2 Ra3 35. Qe1 Rb3 36. Rc2 a5 37. Ra2 Qb6 38. Nc4 Qc5 39. Nxa5 Rxc3 40. Nb7 Qd4 41. Rd2 Qb4 42. Rd3 Rb3 43. Qxb4 Rxb4 44. Nc5 Rc4 45. Na6 Kf8 46. Rb3 Ke7 47. Kg3 Nd7 48. Nb4 c6 49. Nd3 Kd6 50. Nb2 Rd4 51. Ra3 c5 52. Ra7 Kc6 53. Na4 Rd3 54. Nb2 Rd4 55. Na4 Rb4 56. Nc3 Rb7 57. Ra6+ Nb6 58. Kf2 Rb8 59. Ra7 Rb7 60. Ra6 c4 61. Ra5 Nd7 62. Ra8 Kc5 63. Rc8+ Kb4 64. Nd5+ Kb3 65. Rc6 Nb8 66. Rc8 Na6 67. Ke2 Nb4 68. Ke3 f5 69. Rc5 Nxd5+ 70. exd5 Rd7 71. f4 Kb4 72. Rc6 Rxd5 73. fxe5 Rxe5+ 74. Kd2 Re4 75. Rb6+ Kc5 76. Rxg6 Rg4 77. Rf6 Rxg2+ 78. Ke1 Rg1+ 79. Kf2 Rd1 80. Rxf5+ Rd5 81. Rf8 c3 82. Ke2 Kc4 83. Rb8 c2 84. Rc8+ Kb3 85. Rb8+ Kc3 86. Rc8+ Kb2 87. Rb8+ Kc1 88. Rc8 Rd7 89. Re8 Rb7 0-1